 Dungeon Crawl Stone Soup version 0.27-a0-1158-gaa87e14f67 (webtiles) character file.

Game seed: 7091959407247202879

592 avis the Cleaver (level 7, -7/59 HPs)
             Began as a Hill Orc Monk on May 15, 2021.
             Was a Priest of Beogh.
             Mangled by an orange demon (10 damage)
             ... on level 1 of the Abyss.
             The game lasted 00:27:33 (5453 turns).

avis the Cleaver (Hill Orc Monk)                    Turns: 5453, Time: 00:27:34

Health: -7/59      AC:  7    Str: 16    XL:     7   Next: 39%
Magic:  7/7        EV: 12    Int: 10    God:    Beogh [***...]
Gold:   49         SH:  6    Dex: 25    Spells: 6/6 levels left

rFire    . . .     SeeInvis .   a - +1 whip (drain)
rCold    . . .     Faith    .   s - +0 buckler
rNeg     . . .     Spirit   .   H - +1 ring mail {Will+}
rPois    .         Reflect  .   D - +0 helmet
rElec    .         Harm     .   (no cloak)
rCorr    .         Rampage  .   (no gloves)
Will     +....                  (no boots)
Stlth    ++........             (no amulet)
HPRegen  0.19/turn              g - +6 ring of dexterity
MPRegen  0.10/turn              n - +6 ring of dexterity

@: lethally poisoned (-7 -> -19), weakened
A: no striking features
a: Renounce Religion, Smiting


You were on level 1 of the Abyss.
You worshipped Beogh.
Beogh was most pleased with you.
You visited 2 branches of the dungeon, and saw 6 of its levels.
You visited the Abyss 1 time.

You collected 189 gold pieces.
You spent 140 gold pieces at shops.

Inventory:

Hand Weapons
 a - a +1 whip of draining (weapon)
 b - a +0 hunting sling
 v - a +0 hand axe
 w - a +4 spear
Missiles
 j - 13 arrows
 m - 6 boomerangs
 o - 242 stones
 q - 2 throwing nets
 r - 2 javelins
 t - 18 sling bullets
 x - 9 poisoned darts (quivered)
Armour
 f - a +0 scale mail
 s - a +0 buckler (worn)
 D - a +0 helmet (worn)
 H - a +1 ring mail of willpower (worn)
Jewellery
 g - a +6 ring of dexterity (left hand)
 l - a ring of protection from fire
 n - a +6 ring of dexterity (right hand)
 B - a ring of see invisible
Wands
 C - a wand of charming (7)
Scrolls
 c - a scroll of brand weapon {unknown}
 d - 2 scrolls of magic mapping
 e - 2 scrolls of holy word {unknown}
 h - a scroll of amnesia
 i - a scroll of fog {unknown}
 u - 2 scrolls of teleportation
 y - 2 scrolls of fear
 A - a scroll of enchant weapon {unknown}
Potions
 k - 2 potions of flight
 p - 2 potions of brilliance
 z - a potion of curing
 E - a potion of degeneration {unknown}
 F - a potion of mutation {unknown}
 G - a potion of ambrosia {unknown}


   Skills:
 - Level 4.0 Fighting
 - Level 9.0(9.3) Axes
 * Level 2.8(5.5) Maces & Flails
 - Level 2.4 Dodging
 - Level 1.5 Stealth
 + Level 3.4 Shields


You had 6 spell levels left.
You didn't know any spells.
Your spell library was empty.

Dungeon Overview and Level Annotations

Branches:
Dungeon (5/15)             Temple (1/1) D:4

Altars:
Dithmenos
Gozag
Okawaru
Ru

Shops:
D:4 *


Message History

You feel your attacks grow feeble.
Your ring mail prevents you from hitting the orange demon.
The orange demon is lightly wounded.
The orange demon stings you.
You are poisoned.
The orange demon poisons you! The orange demon closely misses you.
You hit the orange demon.
The orange demon is lightly wounded.
You feel very sick.
You barely miss the orange demon.
The orange demon is lightly wounded.
You feel very sick.
The orange demon stings you but does no damage.
The orange demon hits you.
You hit the orange demon but do no damage.
The orange demon is lightly wounded.
You feel sick.
The orange demon stings you but does no damage.
You block the orange demon's attack.
You barely miss the orange demon.
The orange demon is lightly wounded.
You feel sick. The orange demon stings you.
You are lethally poisoned!
The orange demon poisons you! The orange demon misses you.
You barely miss the orange demon.
The orange demon is lightly wounded.
You feel very sick. The orange demon stings you!
* * * LOW HITPOINT WARNING * * *
The orange demon hits you but does no damage.
You hit the orange demon.
The orange demon is lightly wounded.
* * * LOW HITPOINT WARNING * * *
You feel very sick.
You hit the orange demon.
The orange demon is moderately wounded.
* * * LOW HITPOINT WARNING * * *
You feel very sick. The orange demon stings you!
You die...

........#
..
..#......
..
........
..
#.#...##.
#.......
#......
#..4# #@#
#.# ###


You could see an orange demon.

Vanquished Creatures
  Sigmund (D:4)
  A scorpion (D:2)
  A howler monkey (D:4)
  Ijyb (D:5)
  An orc wizard (D:2)
  Robin (D:3)
  8 gnolls
  11 adders
  2 worms
  2 dart slugs
  6 orcs
  12 ball pythons
  2 bats
  4 endoplasms
  A giant cockroach (D:2)
  15 goblins
  6 hobgoblins
  9 jackals
  10 kobolds
  2 quokkas
  5 frilled lizards
  7 rats
108 creatures vanquished.

Vanquished Creatures (others)
  A rat (D:3)
  8 plants (D:2)
9 creatures vanquished.

Grand Total: 117 creatures vanquished

Notes
Turn   | Place    | Note
-------+----------+-------------------------------------------
     0 | D:1      | avis the Hill Orc Monk began the quest for the Orb.
     0 | D:1      | Reached XP level 1. HP: 19/19 MP: 1/1
    60 | D:1      | Reached XP level 2. HP: 5/27 MP: 2/2
   665 | D:1      | Reached skill level 5 in Axes
   676 | D:1      | Reached XP level 3. HP: 7/33 MP: 3/3
  1086 | D:2      | Noticed a scorpion
  1095 | D:2      | Killed a scorpion
  1096 | D:2      | Reached skill level 6 in Axes
  1096 | D:2      | Reached XP level 4. HP: 23/40 MP: 4/4
  1731 | D:2      | Reached skill level 7 in Axes
  1874 | D:2      | Reached XP level 5. HP: 42/46 MP: 5/5
  2764 | D:2      | Reached skill level 1 in Shields
  2985 | D:3      | Became a worshipper of Beogh the Brigand
  2985 | D:3      | Reached * piety under Beogh
  2985 | D:3      | Reached ** piety under Beogh
  3076 | D:3      | Found a faded altar of an unknown god.
  3295 | D:3      | Reached skill level 8 in Axes
  3304 | D:3      | Reached XP level 6. HP: 26/52 MP: 6/6
  4413 | D:3      | Noticed Robin
  4442 | D:3      | Killed Robin
  4442 | D:3      | Reached *** piety under Beogh
  4684 | D:4      | Found a staircase to the Ecumenical Temple.
  4694 | Temple   | Entered the Ecumenical Temple
  4769 | D:4      | Found Merresch's General Store.
  4780 | D:4      | Bought a scroll of magic mapping for 49 gold pieces
  4780 | D:4      | Bought a scroll of amnesia for 49 gold pieces
  4780 | D:4      | Bought a scroll of teleportation for 42 gold pieces
  4910 | D:4      | Reached skill level 9 in Axes
  5012 | D:4      | Noticed Sigmund
  5028 | D:4      | Killed Sigmund
  5029 | D:4      | Reached XP level 7. HP: 17/59 MP: 7/7
  5034 | D:5      | Entered Level 5 of the Dungeon
  5034 | D:5      | Noticed Ijyb
  5049 | D:5      | Killed Ijyb
  5358 | D:5      | Cast into level 1 of the Abyss (gnoll)
  5358 | Abyss:1  | Found a corrupted altar of Lugonu.
  5430 | Abyss:1  | Noticed an orange demon
  5453 | Abyss:1  | Mangled by an orange demon

Illustrated notes

Levels and vault maps discovered:
D:1:      tarquinn_simple_flora_water_c, layout_basic
D:2:      layout_basic, serial_bayou_lake_a
D:3:      kennysheep_goblin_castle, layout_loops_ring,
          hellmonk_ecumenical_altar_pennies_from_heaven, grunt_ministairs_1,
          nrook_campfire, st_stairs_8, minmay_snake_closets
D:4:      layout_cave_pods, minmay_temple_entry_wispy, serial_shops, shop,
          uniq_sigmund
D:5:      layout_basic, gammafunk_ghost_hive, uniq_ijyb, uniq_edmund
Temple:   nicolae_temple_the_god_donut
Abyss:1:  base:
D:2

Skill      XL: |  1  2  3  4  5  6 |
---------------+-------------------+-----
Fighting       | 4 |  4.0
Axes           | 5 6 7 8 9 |  9.0
Shields        | 1 3 |  3.4
Maces & Flails | 2 |  2.8
Dodging        | |  2.4
Stealth        | |  1.5

Action                   |  1- 3 |  4- 6 |  7- 9 || total
-------------------------+-------+-------+-------++-------
Melee: Hand axe          |    75 |   160 |       ||   235
       Whip              |       |     5 |    35 ||    40
 Fire: Hunting sling     |     5 |    68 |       ||    73
Throw: Boomerang         |    11 |    20 |       ||    31
       Dart              |       |    28 |     2 ||    30
       Javelin           |       |     2 |       ||     2
Invok: Convert to Beogh  |       |     1 |       ||     1
  Use: Scroll            |       |     3 |       ||     3
       Potion            |       |     1 |       ||     1
 Stab: Sleeping          |     3 |     3 |       ||     6
Armor: Robe              |     7 |     5 |       ||    12
       Leather armour    |       |     1 |       ||     1
       Scale mail        |       |    24 |     4 ||    28
       Ring mail         |       |       |     6 ||     6
Dodge: Dodged            |    52 |    80 |    17 ||   149
Block: Buckler           |       |    36 |     9 ||    45

Table legend: (Time is in decaauts)
 A = Elapsed time spent in this place.
 B = Non-inter-level travel time spent in this place.
 C = Inter-level travel time spent in this place.
 D = Time resting spent in this place.
 E = Time spent auto-exploring this place.
 F = Levels seen in this place.
 G = Mean time per level.
                   A        B        C        D        E       F      G
               +--------+--------+--------+--------+--------+-----+--------+
         Total |   5491 |   5127 |    364 |   2010 |   1633 |   7 |  784.4 |
       Dungeon |   5385 |   5021 |    364 |   1938 |   1633 |   5 | 1077.0 |
        Temple |     13 |     13 |      0 |      0 |      0 |   1 |   13.0 |
         Abyss |     92 |     92 |      0 |     72 |      0 |   1 |   92.0 |
               +--------+--------+--------+--------+--------+-----+--------+

Top non-repeatable levels by time:
     D:3: 1713 daAuts
     D:2: 1515 daAuts
     D:1: 1435 daAuts
     D:4: 411 daAuts
     D:5: 309 daAuts
 Abyss:1: 92 daAuts
  Temple: 13 daAuts
